 Dungeon Crawl Stone Soup version 0.30.1-4-g462c640d31 (webtiles) character file.

Game seed: 4120448043129347235

4 hawla the Firebug (level 1, -1/14 HPs)
             Began as a Meteoran Fire Elementalist on Aug 26, 2023.
             Slain by an adder (3 damage)
             ... on level 2 of the Dungeon.
             The game lasted 00:00:32 (63 turns).

hawla the Firebug (Meteoran Fire Elementalist)        Turns: 63, Time: 00:00:33

Health: -1/14      AC:  2    Str:  9    XL:     1   Next: 85%
Magic:  0/5        EV: 12    Int: 16    God:
Gold:   0          SH:  0    Dex: 14    Spells: 4/5 levels left

rFire   . . .        c - +0 whip
rCold   . . .        (no shield)
rNeg    . . .        a - +0 robe
rPois   .            (no helmet)
rElec   .            (no cloak)
rCorr   .            (no gloves)
SInv    .            (no boots)
Will    .....        (no amulet)
Stlth   +            (no ring)
HPRegen 0.22/turn    (no ring)
MPRegen 0.09/turn

%: no passive effects
@: glowing
A: sense surroundings 1, otherworldly, glowing, explore regen
a: no special abilities


You were on level 2 of the Dungeon.
You visited 1 branch of the dungeon, and saw 2 of its levels.

Inventory:

Hand Weapons
 c - a +0 whip (weapon)
Armour
 a - a +0 robe (worn)
Potions
 b - a potion of magic


   Skills:
 + Level 2.4 Dodging
 - Level 1.4 Stealth
 + Level 2.8 Spellcasting
 + Level 1.2 Conjurations
 + Level 3.9 Fire Magic


You had 4 spell levels left.
You knew the following spells:

 Your Spells              Type           Power      Damage    Failure   Level
a - Foxfire               Conj/Fire      40%        2x1d6     7%          1

Your spell library contained the following spells:

 Spells                   Type           Power      Damage    Failure   Level
 Scorch                   Fire           28%        2d6       6%          2
 Inner Flame              Hex/Fire       8%         N/A       26%         3
 Volatile Blastmotes      Fire/Tloc      16%        2d11      26%         3
 Flame Wave               Conj/Fire      10%        2d6       54%         4


Dungeon Overview and Level Annotations

Branches:
Dungeon (2/15) Zot: 1137

Altars:


Innate Abilities, Weirdness & Mutations

You passively map a small area around you.
You are easily found by Zot.
You glow in the dark.
You regain HP and MP as you explore.


Message History

The adder poisons you!
An endoplasm comes into view.
You feel sick. The bat barely misses you. The bat hits you.
The bat closely misses you.
You feel sick.
The endoplasm quivers.
Your magical contamination has completely faded away.
You feel sick. The bat closely misses you. The bat attacks as you move away!
The bat barely misses you.
You feel sick. The bat hits you but does no damage.
You feel sick.
You open the door.
You feel sick.
You are no longer poisoned.
The bat hits you but does no damage.
You hit the bat.
You kill the bat!
The endoplasm closely misses you. The endoplasm attacks as you move away!
The endoplasm misses you.
There is an open door here.
You see here a bat corpse.
The endoplasm attacks as you move away! The endoplasm hits you.
* * * LOW HITPOINT WARNING * * *
Casting: Foxfire (safe; 7% risk of failure)
Confirm with . or Enter, or press ? or * to list all spells.
You conjure some foxfire!
The endoplasm hits you but does no damage.
The foxfire hits the adder.
The adder is lightly wounded.
The foxfire hits the bat.
The bat is severely wounded.
The bat misses you. The adder bites you but does no damage.
Casting: Foxfire (safe; 7% risk of failure)
Confirm with . or Enter, or press ? or * to list all spells.
You conjure some foxfire!
The bat hits you but does no damage. The endoplasm freezes you.
You are frozen.
* * * LOW HITPOINT WARNING * * *
The adder closely misses you. The adder attacks as you move away!
The adder bites you.
You die...

* * , , , , , , .# *
########.#. , . ,
#.........., , ... *
##......... , ....
#........# * ,.....*
#.......#*
,.....######..Sv...#
, , ,
.........w†J.J@...#
*
*####...###b..v...#
,
......#..#........#
,
##..#.##.#r..######
#. #?$..[...#
.....[.##..<.#
#...##w#.....######.
* ,,#..
#...#..<......., ,#
....#.#.##.....##


You could see an adder (ally target), a dart slug, 2 endoplasms, a bat and a
rat.

Vanquished Creatures
  A ball python (D:2)
  A bat (D:2)
  A quokka (D:2)
3 creatures vanquished.

Vanquished Creatures (others)
  7 foxfires (D:2)
7 creatures vanquished.

Grand Total: 10 creatures vanquished

Notes
Turn   | Place    | Note
-------+----------+-------------------------------------------
     0 | D:1      | hawla the Meteoran Fire Elementalist began the quest for
                  | the Orb.
     0 | D:1      | Reached XP level 1. HP: 14/14 MP: 5/5
    63 | D:2      | Slain by an adder

Illustrated notes

Levels and vault maps discovered:
D:1:      saegor_arrival_simple_e, layout_basic, hangedman_decor_growths
D:2:      layout_basic, serial_shops, shop, minmay_tromino_v4_a, uniq_sigmund,
          uniq_natasha

Action                     || total
---------------------------++-------
  Melee: Whip              ||     6
   Cast: Foxfire           ||     6
 Armour: Robe              ||    14
  Dodge: Dodged            ||    26
